 Dungeon Sprint DCSS version 0.31-a0-846-gb3bcc0d938 (webtiles) character file.

Game seed: 9828672641915506711

1153 sircluck the Grappler (level 8, 0/92 HPs)
             Began as a Troll Berserker on Oct 3, 2023.
             Was an Elder of Trog.
             Killed from afar by an oklob sapling priest (22 damage)
             ... with a splash of acid
             ... in the Dungeon (Sprint IV: "Fedhas' Mad Dash").
             The game lasted 00:01:11 (357 turns).

sircluck the Grappler (Troll Berserker)              Turns: 357, Time: 00:01:11

Health: 0/92       AC:  0    Str: 28    XL:     8   Next: 16%
Magic:  7/7        EV: 12    Int:  3    God:    Trog [****..]
Gold:   90         SH:  0    Dex:  9    Spells: 7/7 levels left

rFire   . .          .
                       - Unarmed
rCold   . . .        (no shield)
rNeg    . . .        a - +0 animal skin
rPois   .            (helmet restricted)
rElec   .            (no cloak)
rCorr   .            (gloves unavailable)
SInv    .            (boots unavailable)
Will    .....        h - amulet of invisibility {+Inv}
Stlth   +            (no ring)
HPRegen 1.15/turn    (no ring)
MPRegen 0.10/turn

%: no teleportation
@: corroded
A: large, unfitting armour, claws 3, regeneration 1, shaggy fur 1, tough skin 1
a: Renounce Religion, Evoke Invisibility, Berserk, Trog's Hand, Brothers in Arms


You were in the Dungeon.
You worshipped Trog.
Trog was greatly pleased with you.
You visited 1 branch You collected 90 gold pieces.

Inventory:

Armour
 a - a +0 animal skin (worn)
Jewellery
 h - the amulet of invisibility (around neck) {+Inv}
   (You found it in the Dungeon)

   [amulet of nothing]

   +Inv:      It lets you turn invisible.
Potions
 c - a potion of heal wounds
 d - a potion of haste
 e - 2 potions of magic
 f - 2 potions of berserk rage


   Skills:
 + Level 9.3 Fighting
 + Level 9.1 Dodging
 + Level 10.8 Unarmed Combat


You had 7 spell levels left.
You didn't know any spells.
Your spell library was empty.

Dungeon Overview and Level Annotations

Branches:
Dungeon (1/1)

Altars:
Cheibriados
Dithmenos
Elyvilon
Gozag
Hepliaklqana
Kikubaaqudgha
Makhleb
Nemelex Xobeh
Okawaru
Qazlal
Ru
Sif Muna
Trog
Uskayaw
Vehumet
Wu Jian
Xom
Yredelemnul
Zin
The Shining One
Jiyva
Lugonu

Annotations:
D exclusion: oklob sapling


Innate Abilities, Weirdness & Mutations

You are too large for most types of armour.
You have claws for hands.
Your natural rate of healing is unusually fast.
You are covered in fur. (AC +1)
You have tough skin. (AC +1)


Message History

Your Dodging skill increases to level 9!
You have reached level 8!
You now have 90 gold pieces (gained 10).
There is an open door here.
You are no longer corroded.
There is an open door here.
There is an open door here.
Things that are here:
a killer bee corpse; a killer bee corpse You start resting.
HP restored.
You open the door.
Found ten altars.
An oklob sapling priest comes into view.
Found three altars.
The oklob sapling priest spits acid at you.
The splash of acid hits you!
Marking area around an oklob sapling priest as unsafe for travelling.
There is an open door here.
Unknown command.
Found three altars.
The oklob sapling priest invokes the aid of its god against you.
Something smites you!
Found two altars.
Found three altars.
There is an opulent altar of Gozag here.
Found a corrupted altar of Lugonu and a radiant altar of Vehumet.
The oklob sapling priest begins to cast a cantrip, but forgets the words!
The oklob sapling priest spits acid at you.
The splash of acid hits you!! The acid corrodes you!
There is a hazy altar of Hepliaklqana here.
The oklob sapling priest spits acid at you.
The splash of acid hits you!!
* * * LOW HITPOINT WARNING * * *
There is a sparkling altar of Nemelex Xobeh here.
You claw the oklob sapling priest!
The oklob sapling priest is heavily damaged.
The oklob sapling priest spits acid at you.
The splash of acid hits you!!
You die...

########################
†...#.....#.⌠._._._._.⌠.
....'.#:..'.._._._._._..
....#.#...#..._.@P_._...
########†##.._._._._._..
......'...#._._._._._.⌠.
♣.....#...##############
..♣..###### '##### .+ ##


You could see an oklob sapling priest.

Vanquished Creatures
  An oklob plant (D)
  A queen bee (D)
  A burning bush (D)
  A scorpion (D)
  4 killer bees (D)
  2 oklob saplings (D)
  A river rat (D)
  A rat (D)
12 creatures vanquished.

Notes
Turn   | Place    | Note
-------+----------+-------------------------------------------
     0 | D        | sircluck the Troll Berserker began the quest for the Orb.
     0 | D        | Reached XP level 1. HP: 22/22 MP: 0/0
     9 | D        | Reached XP level 2. HP: 31/31 MP: 1/1
    15 | D        | Noticed an oklob sapling
    18 | D        | Killed an oklob sapling
    18 | D        | Reached ** piety under Trog
    19 | D        | Reached skill level 4 in Unarmed Combat
    19 | D        | Reached XP level 3. HP: 39/39 MP: 2/2
    20 | D        | Noticed a scorpion
    20 | D        | Found the amulet of invisibility {+Inv}
    27 | D        | Killed a scorpion
    28 | D        | Reached skill level 5 in Unarmed Combat
    28 | D        | Reached XP level 4. HP: 39/49 MP: 3/3
    67 | D        | Reached skill level 5 in Fighting
    67 | D        | Reached skill level 5 in Dodging
    67 | D        | Reached skill level 6 in Unarmed Combat
    90 | D        | Noticed a queen bee
    97 | D        | Reached XP level 5. HP: 59/59 MP: 4/4
   115 | D        | Killed a queen bee
   115 | D        | Reached *** piety under Trog
   116 | D        | Reached skill level 8 in Unarmed Combat
   116 | D        | Reached XP level 6. HP: 12/71 MP: 5/5
   192 | D        | Reached skill level 9 in Unarmed Combat
   195 | D        | Reached XP level 7. HP: 13/79 MP: 6/6
   259 | D        | Noticed a burning bush
   264 | D        | Killed a burning bush
   265 | D        | Reached skill level 10 in Unarmed Combat
   282 | D        | Noticed an oklob plant
   292 | D        | Killed an oklob plant
   292 | D        | Reached **** piety under Trog
   293 | D        | Reached XP level 8. HP: 29/92 MP: 7/7
   349 | D        | Found an opulent altar of Gozag.
   349 | D        | Found a hazy altar of Hepliaklqana.
   349 | D        | Found a burning altar of Makhleb.
   349 | D        | Found a sparkling altar of Nemelex Xobeh.
   349 | D        | Found a snail-covered altar of Cheibriados.
   349 | D        | Found a sacrificial altar of Ru.
   349 | D        | Found a shimmering blue altar of Sif Muna.
   349 | D        | Found a shimmering altar of Xom.
   349 | D        | Found a basalt altar of Yredelemnul.
   350 | D        | Found a viscous altar of Jiyva.
   350 | D        | Found a bloodstained altar of Trog.
   350 | D        | Found an ornate altar of the Wu Jian Council.
   351 | D        | Found an iron altar of Okawaru.
   351 | D        | Found a shadowy altar of Dithmenos.
   351 | D        | Found a glowing silver altar of Zin.
   352 | D        | Found an ancient bone altar of Kikubaaqudgha.
   352 | D        | Found a hide-covered altar of Uskayaw.
   353 | D        | Found a stormy altar of Qazlal.
   353 | D        | Found a white marble altar of Elyvilon.
   353 | D        | Found a glowing golden altar of the Shining One.
   354 | D        | Found a corrupted altar of Lugonu.
   354 | D        | Found a radiant altar of Vehumet.
   357 | D        | Killed from afar by an oklob sapling priest

Illustrated notes

Levels and vault maps discovered:
D:        dungeon_sprint_fedhas [sprint_temple]

Skill      XL: |  1  2  3  4  5  6  7 |
---------------+----------------------+-----
Fighting       | 3 4 5 7 9 |  9.3
Dodging        | 3 4 5 7 9 |  9.1
Unarmed Combat | 4 5 6 8 9 10 | 10.8

Action                     |  1- 3 |  4- 6 |  7- 9 || total
---------------------------+-------+-------+-------++-------
  Melee: Unarmed           |    12 |    28 |    11 ||    51
         Punch             |       |       |     1 ||     1
 Invoke: Berserk           |       |     2 |       ||     2
    Use: Scroll            |       |     1 |       ||     1
         Potion            |       |     1 |       ||     1
 Armour: Animal skin       |     5 |    27 |     7 ||    39
  Dodge: Dodged            |     6 |    22 |       ||    28

Table legend: (Time is in decaauts)
 A = Elapsed time spent in this place.
 B = Non-inter-level travel time spent in this place.
 C = Inter-level travel time spent in this place.
 D = Time resting spent in this place.
 E = Time spent auto-exploring this place.
 F = Levels seen in this place.
 G = Mean time per level.
                   A        B        C        D        E       F      G
               +--------+--------+--------+--------+--------+-----+--------+
         Total |    371 |    371 |      0 |    162 |     42 |   1 |  371.0 |
       Dungeon |    371 |    371 |      0 |    162 |     42 |   1 |  371.0 |
               +--------+--------+--------+--------+--------+-----+--------+

Top non-repeatable levels by time:
       D: 371 daAuts
